 Dungeon Crawl Stone Soup version 0.26-a0-466-g989023b (webtiles) character file.

Game seed: 10318925337358354328

32 Anno the Slasher (level 3, 26/31 HPs)
             Began as a Draconian Fighter on July 29, 2020.
             Quit the game on level 2 of the Dungeon.
             The game lasted 00:01:47 (824 turns).

Anno the Slasher (Draconian Fighter)                 Turns: 824, Time: 00:01:48

Health: 26/31      AC:  6    Str: 19    XL:     3   Next: 10%
Magic:  3/3        EV: 10    Int:  8    God:
Gold:   50         SH:  9    Dex: 10    Spells: 2/2 levels left

rFire    . . .     SeeInvis .   a - +0 long sword
rCold    . . .     Faith    .   b - +0 kite shield
rNeg     . . .     Spirit   .   (armour unavailable)
rPois    .         Reflect  .   (helmet restricted)
rElec    .         Harm     .   g - +0 cloak
rCorr    .                      (no gloves)
MR       .....                  (no boots)
Stlth    +.........             (no amulet)
HPRegen  0.10/turn              (no ring)
MPRegen  0.08/turn              (no ring)

@: no status effects
A: unfitting armour, cold-blooded, AC +5
a: no special abilities


You were on level 2 of the Dungeon.
You visited 1 branch of the dungeon, and saw 2 of its levels.

You collected 50 gold pieces.

Inventory:

Hand Weapons
 a - a +0 long sword (weapon)
Missiles
 d - 6 boomerangs (quivered)
 j - 23 sling bullets
Armour
 b - a +0 kite shield (worn)
 g - a +0 cloak (worn)
Scrolls
 e - 2 scrolls of magic mapping {unknown}
 f - a scroll of immolation {unknown}
 h - 2 scrolls of identify {unknown}
Potions
 c - a potion of might
 i - a potion of lignification {unknown}


   Skills:
 - Level 3.2 Fighting
 * Level 3.6 Long Blades
 - Level 2.6 Dodging
 - Level 3.0 Shields


You had 2 spell levels left.
You didn't know any spells.
Your spell library was empty.

Dungeon Overview and Level Annotations

Branches:
Dungeon (2/15)

Altars:


Innate Abilities, Weirdness & Mutations

Your plain brown scales are hard. (AC +5)
You cannot fit into any form of body armour.
You are cold-blooded and may be slowed by cold attacks.


Message History

The kobold hits you with a +0 club. The kobold barely misses you.
You block the dart slug's attack.
You hit the dart slug.
You kill the dart slug!
You have reached level 3!
Your experience leads to an increase in your attributes!
Increase (S)trength, (I)ntelligence, or (D)exterity?
You feel stronger.
Your scales feel tougher.
The kobold hits you with a +0 club.
Your shield prevents you from hitting the kobold.
You block the kobold's attack.
You closely miss the kobold. The kobold barely misses you.
You riposte.
You slash the kobold!
You kill the kobold!
A giant cockroach comes into view.
You see here a +0 club.
You slash the giant cockroach!
You kill the giant cockroach!
You see here a giant cockroach corpse.
Are you sure you want to abandon this character and quit the game? (Confirm with "yes".)

##.###.#
##..##.#
#..<...# #
#......# ..
#....(.# ..#
####+#.# ...#
#..(# ....#
##?.###.....#
#..†)@.#
#......#
#......#
#......#
###+##.. ...
.... .....


There were no monsters in sight!

Vanquished Creatures
  2 oozes (D:1)
  A worm (D:2)
  2 dart slugs
  2 giant cockroaches
  A hobgoblin (D:1)
  4 jackals (D:2)
  A ball python (D:1)
  A bat (D:1)
  A frilled lizard (D:1)
  2 kobolds
17 creatures vanquished.

Notes
Turn   | Place    | Note
-------+----------+-------------------------------------------
     0 | D:1      | Anno the Draconian Fighter began the quest for the Orb.
     0 | D:1      | Reached XP level 1. HP: 19/19 MP: 1/1
   137 | D:1      | Reached XP level 2. HP: 22/26 MP: 2/2
   818 | D:2      | Reached XP level 3. HP: 28/31 MP: 3/3
   824 | D:2      | Quit the game

Illustrated notes

Levels and vault maps discovered:
D:1:      minmay_arrival_four_circles, layout_loops_ring, serial_forest,
          infiniplex_forest_lined_room_, infiniplex_forest_straight_5,
          infiniplex_forest_clump_medium, infiniplex_forest_corner_2,
          infiniplex_forest_straight_4, infiniplex_forest_lined_room_3,
          serial_park_tiny_1, chequers_serial_rivers_micro_d
D:2:      layout_basic, minmay_hedge_maze, serial_bayou_lagoon_a, minmay_puff,
          uniq_sigmund

Skill      XL: |  1  2 |
---------------+-------+-----
Long Blades    | 3 |  3.6
Fighting       | |  3.2
Dodging        | |  2.6
Shields        | |  3.0

Action                   || total
-------------------------++-------
Melee: Long sword        ||    34
       Tailslap          ||     2
Armor: Skin              ||    10
Dodge: Dodged            ||    15
Block: Kite shield       ||    16
       Rpst.: Long sword ||     4

Table legend: (Time is in decaauts)
 A = Elapsed time spent in this place.
 B = Non-inter-level travel time spent in this place.
 C = Inter-level travel time spent in this place.
 D = Time resting spent in this place.
 E = Time spent auto-exploring this place.
 F = Levels seen in this place.
 G = Mean time per level.
                   A        B        C        D        E       F      G
               +--------+--------+--------+--------+--------+-----+--------+
         Total |    835 |    777 |     58 |      0 |    655 |   2 |  417.5 |
       Dungeon |    835 |    777 |     58 |      0 |    655 |   2 |  417.5 |
               +--------+--------+--------+--------+--------+-----+--------+

Top non-repeatable levels by time:
     D:1: 710 daAuts
     D:2: 125 daAuts
